 Dungeon Crawl Stone Soup version 0.16-a0-3911-g06eb01e (webtiles) character file.

42219 timbw the Destroyer (level 13, -1/83 HPs)
             Began as a High Elf Ice Elementalist on Feb 3, 2015.
             Was the Champion of Sif Muna.
             Shot with a bolt by a naga sharpshooter (26 damage)
             ... on level 4 of the Snake Pit.
             The game lasted 01:30:06 (12121 turns).

timbw the Destroyer (High Elf Ice Elementalist)    Turns: 12121, Time: 01:30:07

Health: -1/83      AC:  7    Str:  7      XL:     13   Next: 84%
Magic:  5/25       EV: 18    Int: 21 (23) God:    Sif Muna [******]
Gold:   1386       SH:  6    Dex: 18      Spells: 8 memorised, 0 levels left

rFire  x . .     SeeInvis .     G - staff of energy
rCold  + + .     Clarity  +     r - +2 robe {rC+}
rNeg   . . .     SustAb   .     n - +0 buckler
rPois  +         Gourm    .     g - +2 hat of the High Council {Archmagi, Wiz- Stlth-}
rElec  .         Spirit   .     (no cloak)
rCorr  .         Warding  .     (no gloves)
rMut   .         Stasis   .     W - +0 pair of boots
MR     ++...                    U - amulet of Enusk {Clar +Inv rPois+ MR+ MP-9}
Stlth  +.........               f - ring of ice
                                e - ring of wizardry

@: very resistant to hostile enchantments, very unstealthy
A: no striking features
a: Channel Energy, Forget Spell, Renounce Religion, Evoke Invisibility


You were on level 4 of the Snake Pit.
You worshipped Sif Muna.
Sif Muna was exalted by your worship.
You were not hungry.

You visited 4 branches of the dungeon, and saw 26 of its levels.
You also visited: Labyrinth and Sewer.

You collected 1386 gold pieces.

Inventory:

Hand weapons
 v - a +0 blowgun
Missiles
 P - 2 curare-tipped needles
 V - 20 stones (quivered)
Armour
 g - the +2 hat of the High Council (worn) {Archmagi, Wiz- Stlth-}
   (You found it in a labyrinth)

   It makes you less stealthy.
 n - a +0 buckler (worn)
 r - a +2 robe of cold resistance (worn)
 z - a +2 helmet of intelligence
 L - a +1 robe of fire resistance
 W - a +0 pair of boots (worn)
Magical staves
 G - an uncursed staff of energy (weapon)
Rods
 a - a +4 rod of destruction (10/10)
   (You found it in a labyrinth)
Jewellery
 e - a ring of wizardry (left hand)
 f - a ring of ice (right hand)
 i - an uncursed ring of teleportation
 o - an uncursed ring of wizardry
 A - an uncursed amulet of warding
 U - the amulet of Enusk (around neck) {Clar +Inv rPois+ MR+ MP-9}
   (You found it on level 8 of the Lair of Beasts)

   [amulet of clarity]

   It provides mental clarity.
   It protects you from poison.
   It affects your resistance to hostile enchantments.
   It affects your magic capacity (-9).
   It lets you turn invisible.
 Y - an uncursed ring of stealth
Magical devices
 d - a wand of fireball (6)
 t - a wand of disintegration (8)
 B - a wand of paralysis (2)
Scrolls
 h - 15 scrolls of remove curse
 q - 3 scrolls of fog
 u - a scroll of immolation
 H - 5 scrolls of recharging
 I - 3 scrolls of teleportation
 N - a scroll of fear
 O - 2 scrolls of blinking
 R - a scroll of identify
 Z - 4 scrolls of magic mapping
Potions
 j - a potion of ambrosia
 k - a potion of brilliance
 p - 2 potions of haste
 x - a potion of lignification
 C - 2 potions of agility
 D - 2 potions of invisibility
 E - a potion of resistance
 F - 3 potions of magic
 K - 2 potions of restore abilities
 M - 3 potions of heal wounds
 T - a potion of flight {unknown}
Books
 l - a book of Annihilations {highlevel}

   Spells                             Type                      Level
   a - Poison Arrow                   Conjuration/Poison           6
   b - Chain Lightning                Conjuration/Air              8
   c - Lehudib's Crystal Spear        Conjuration/Earth            8
   d - Glaciate                       Conjuration/Ice              9
   e - Fire Storm                     Conjuration/Fire             9
 m - a book of Ice

   Spells                             Type                      Level
   a - Ice Form                       Ice/Transmutation            4
   b - Metabolic Englaciation         Hexes/Ice                    5
   c - Ozocubu's Refrigeration        Ice                          6
   d - Bolt of Cold                   Conjuration/Ice              6
   e - Freezing Cloud                 Conjuration/Ice/Air          6
   f - Simulacrum                     Ice/Necromancy               6
 y - a book of Control

   Spells                             Type                      Level
   a - Control Teleport               Charms/Translocation         4
   b - Control Undead                 Necromancy                   4
   c - Enslavement                    Hexes                        4
   d - Metabolic Englaciation         Hexes/Ice                    5
   e - Mass Confusion                 Hexes                        6
 J - a book of Air

   Spells                             Type                      Level
   a - Shock                          Conjuration/Air              1
   b - Swiftness                      Charms/Air                   2
   c - Repel Missiles                 Charms/Air                   2
   d - Flight                         Charms/Air                   3
   e - Static Discharge               Conjuration/Air              3
   f - Lightning Bolt                 Conjuration/Air              5
 Q - Sif Muna's Catalogue of Confrontation and Feathers
   (Sif Muna gifted it to you on level 1 of the Lair of Beasts)

   Spells                             Type                      Level
   a - Shock                          Conjuration/Air              1
   b - Airstrike                      Air                          4
   c - Freezing Cloud                 Conjuration/Ice/Air          6
   d - Glaciate                       Conjuration/Ice              9
 X - a book of Power

   Spells                             Type                      Level
   a - Fulminant Prism                Conjuration/Hexes            4
   b - Iskenderun's Mystic Blast      Conjuration                  4
   c - Venom Bolt                     Conjuration/Poison           5
   d - Bolt of Magma                  Conjuration/Fire/Earth       5
   e - Iron Shot                      Conjuration/Earth            6
   f - Orb of Destruction             Conjuration                  7
   g - Spellforged Servitor           Conjuration/Summoning        7
Miscellaneous
 w - a lantern of shadows
Comestibles
 b - 6 poisonous chunks of flesh
 c - 5 bread rations
 s - 10 royal jellies
 S - 2 meat rations


   Skills:
 - Level 5.9 Fighting
 + Level 8.1 Dodging
 - Level 2.1 Stealth
 - Level 5.1 Shields
 + Level 11.5 Spellcasting
 + Level 13.3 Conjurations
 + Level 13.0 Ice Magic
 + Level 2.7 Poison Magic
 + Level 6.6 Invocations


You couldn't memorise any spells.
You knew the following spells:

 Your Spells              Type           Power        Failure   Level  Hunger
a - Freeze                Ice            ####         1%          1    None
b - Bolt of Cold          Conj/Ice       ########..   4%          6    None
c - Throw Icicle          Conj/Ice       ########     1%          4    None
d - Summon Ice Beast      Ice/Summ       ######..     4%          4    None
e - Freezing Cloud        Conj/Ice/Air   #######...   16%         6    None
f - Repel Missiles        Chrm/Air       ###...       9%          2    None
g - Poison Arrow          Conj/Pois      ######....   26%         6    None
h - Ozocubu's Refrigerat  Ice            ########..   5%          6    None


Dungeon Overview and Level Annotations

Branches:
Dungeon (12/15)            Temple (1/1) D:4            Lair (8/8) D:10
 Shoals (0/5) Lair:5        Snake (5/5) Lair:3        Slime (0/6) Lair:8
    Orc (0/4) D:12

Altars:
Dithmenos
Kikubaaqudgha
Makhleb
Nemelex Xobeh
Okawaru
Ru
Sif Muna
Trog
Jiyva

Shops:
D:6 (:[(   D:11 *


Message History

The naga sharpshooter wields an arbalest.
The naga sharpshooter shoots a bolt.
The bolt misses you.
Casting: Bolt of Cold
Confirm with . or Enter, or press ? or * to list all spells.
Aiming: Bolt of Cold
Press: ? - help, Shift-Dir - straight line, f - naga sharpshooter
Aim: a naga sharpshooter, wielding an arbalest You feel a strong surge of power!
The bolt of cold hits the naga sharpshooter.
The naga sharpshooter is severely wounded.
Use which ability? (? or * to list)
You channel some magical energy.
You feel somewhat more hungry.
The naga sharpshooter shoots a bolt.
The bolt is repelled.
You feel less protected from missiles.
Use which ability? (? or * to list)
You channel some magical energy.
You feel somewhat more hungry.
The naga sharpshooter gestures wildly while chanting.
The naga sharpshooter magically shoots a bolt.
The bolt hits you!!
You die...

...N... ##.##......
....... ##.###.###.
....... ###)...#.#
.N......###))......#
#N..###......#
##).## #....#...
#..## ####.# # #)##
## #@# ###


You could see a naga sharpshooter.

Vanquished Creatures
  Gastronok (Lair:1)
  A fire dragon (Lair:8)
  A minotaur (Lab)
  Fannar (D:10)
  3 naga warriors
  2 hydras
  2 naga sharpshooters
  A shock serpent (Snake:2)
  Nergalle (Lair:1)
  An unseen horror (Lab)
  A lindwurm (Lair:8)
  An oklob plant (Lair:3)
  A griffon (Lair:4)
  A salamander (Snake:3)
  11 black mambas
  8 spiny frogs
  A guardian serpent (Lair:3)
  7 naga magi
  6 torpor snails (Lair:8)
  A kobold demonologist (D:12)
  2 fire drakes
  2 trolls (D:10)
  9 komodo dragons
  3 giant leeches (Lair:8)
  8 polar bears (Lair:8)
  A two-headed ogre (D:8)
  Prince Ribbit (D:4)
  8 blink frogs
  A boulder beetle (Lair:8)
  A snapping turtle (Lair:5)
  A raiju (Lair:8)
  3 basilisks
  A spriggan (D:7)
  7 yaks
  Eustachio (D:9)
  7 wargs (Lair:8)
  10 wolves (Lair:8)
  4 hippogriffs
  8 water moccasins
  7 nagas
  A sky beast (D:10)
  4 hell hounds (Lair:8)
  4 porcupines
  13 black bears
  3 wasps (Lair:8)
  2 eyes of draining
  3 centaurs
  A boring beetle (Lair:8)
  A necrophage (D:10)
  8 giant frogs
  3 brain worms (Lair:8)
  A big kobold (D:11)
  10 crocodiles
  2 vampire bats (D:6)
  3 crimson imps
  16 hounds
  2 jellies
  4 orc priests
  A gnoll shaman (D:7)
  6 iguanas
  2 orc wizards (D:8)
  4 worker ants
  24 sheep
  2 wandering mushrooms (Lab)
  A hound zombie (D:9)
  3 hound skeletons
  Robin (D:4)
  4 gnolls (D:7)
  6 river rats (Lair:3)
  15 adders
  A shadow imp (D:8)
  A giant mite (D:3)
  17 worms (Lair:8)
  21 orcs
  8 ball pythons
  2 bat skeletons (D:6)
  4 bat zombies (D:6)
  A giant cockroach (D:3)
  7 hobgoblins
  15 jackals
  4 quokkas
  9 bats
  4 giant geckos
  3 giant newts
  A giant spore (D:12)
  15 goblins
  18 kobolds
  9 rats
  13 fungi
  12 plants
452 creatures vanquished.

Vanquished Creatures (collateral kills)
  An ugly thing (D:11)
  A hippogriff (D:7)
  6 wolves (Lair:1)
  A porcupine (Lair:1)
  A phantom (D:10)
  An ice beast (D:10)
  2 crocodiles (Lair:1)
  A centaur (D:10)
  A quasit (D:11)
  An orc priest (D:8)
  A centaur zombie (D:6)
  A giant frog skeleton (D:7)
  An adder (D:11)
  A shadow imp (D:8)
  2 orcs (D:8)
22 creatures vanquished.

Vanquished Creatures (others)
  10 ice beasts
  2 fungi (Lair:8)
  2 plants (Lair:8)
14 creatures vanquished.

Grand Total: 488 creatures vanquished

Notes
Turn   | Place    | Note
--------------------------------------------------------------
     0 | D:1      | timbw, the High Elf Ice Elementalist, began the quest for the Orb.
     0 | D:1      | Reached XP level 1. HP: 11/11 MP: 4/4
   184 | D:2      | Reached XP level 2. HP: 13/17 MP: 3/6
   188 | D:2      | Learned a level 2 spell: Throw Frost
   290 | D:2      | Reached skill level 4 in Ice Magic
   401 | D:3      | Found a sacrificial altar of Ru.
   401 | D:3      | Found a bloodstained altar of Trog.
   425 | D:3      | Reached XP level 3. HP: 18/21 MP: 6/8
   622 | D:3      | Found a sparkling altar of Nemelex Xobeh.
   873 | D:3      | Found a glowing drain.
   877 | Sewer    | Entered a sewer
   929 | Sewer    | Reached XP level 4. HP: 20/27 MP: 4/11
   938 | Sewer    | Learned a level 4 spell: Throw Icicle
   948 | Sewer    | Reached skill level 5 in Ice Magic
  1437 | D:4      | Found a staircase to the Ecumenical Temple.
  1447 | Temple   | Entered the Ecumenical Temple
  1456 | Temple   | Became a worshipper of Sif Muna the Loreminder
  1542 | D:4      | Reached XP level 5. HP: 26/31 MP: 3/12
  1561 | D:4      | Noticed Prince Ribbit
  1577 | D:4      | Killed Prince Ribbit
  1577 | D:4      | Acquired Sif Muna's first power
  1577 | D:4      | Reached skill level 6 in Ice Magic
  1577 | D:4      | Reached XP level 6. HP: 17/36 MP: 8/17
  1696 | D:4      | Learned a level 4 spell: Summon Ice Beast
  1749 | D:4      | Noticed Robin
  1776 | D:4      | Killed Robin
  1848 | D:5      | Entered Level 5 of the Dungeon
  2028 | D:6      | Found an ancient bone altar of Kikubaaqudgha.
  2039 | D:6      | Reached skill level 1 in Invocations
  2052 | D:6      | Reached XP level 7. HP: 29/41 MP: 7/20
  2202 | D:6      | Found Suunevov's Book Shoppe.
  2242 | D:6      | Found Souhud's Armour Boutique.
  2268 | D:6      | Found Shralip's Weapon Boutique.
  2313 | D:6      | Noticed a hippogriff
  2318 | D:6      | Killed a hippogriff
  2445 | D:6      | Found Chiogh's Antique Weapon Boutique.
  2467 | D:6      | Reached skill level 5 in Spellcasting
  2576 | D:7      | Acquired Sif Muna's second power
  2588 | D:7      | Found a burning altar of Makhleb.
  2606 | D:7      | Reached XP level 8. HP: 31/46 MP: 12/23
  2647 | D:7      | Reached skill level 7 in Ice Magic
  2729 | D:7      | Noticed a spriggan baker
  2733 | D:7      | Killed a spriggan baker
  2733 | D:7      | Reached skill level 5 in Conjurations
  2822 | D:8      | Noticed a two-headed ogre
  2830 | D:8      | Killed a two-headed ogre
  3228 | D:9      | Noticed Eustachio
  3233 | D:9      | Killed Eustachio
  3341 | D:9      | Reached skill level 8 in Ice Magic
  3341 | D:9      | Reached XP level 9. HP: 51/51 MP: 0/26
  3401 | D:10     | Entered Level 10 of the Dungeon
  3513 | D:10     | Found a staircase to the Lair.
  3513 | D:10     | Noticed a fire drake
  3669 | D:10     | Killed a fire drake
  3669 | D:10     | Acquired Sif Muna's third power
  3768 | D:11     | Found a shadowy altar of Dithmenos.
  3771 | D:11     | Noticed a white ugly thing
  3794 | D:11     | Killed a white ugly thing
  3862 | D:11     | Found Shacwogeb's General Store.
  3915 | D:10     | Reached skill level 9 in Ice Magic
  3960 | D:10     | Noticed Fannar
  3967 | D:10     | You fall through a shaft!
  4099 | D:10     | Killed Fannar
  4099 | D:10     | Reached XP level 10. HP: 27/56 MP: 5/29
  4440 | D:12     | Noticed a cyclops
  4515 | D:12     | Found a staircase to the Orcish Mines.
  4672 | Lair:1   | Entered Level 1 of the Lair of Beasts
  4802 | Lair:1   | Reached skill level 10 in Ice Magic
  4818 | Lair:1   | Received a gift from Sif Muna
  4819 | Lair:1   | Identified Sif Muna's Catalogue of Confrontation and Feathers (Sif Muna gifted it to you on level 1 of the Lair of Beasts)
  4827 | Lair:1   | Learned a level 6 spell: Freezing Cloud
  4868 | Lair:1   | Noticed Nergalle
  4879 | Lair:1   | Killed Nergalle
  4879 | Lair:1   | Reached skill level 10 in Spellcasting
  5028 | Lair:1   | Reached skill level 10 in Conjurations
  5091 | Lair:1   | Noticed Gastronok
  5282 | Lair:1   | Killed Gastronok
  5282 | Lair:1   | Reached XP level 11. HP: 58/61 MP: 2/32
  5476 | Lair:2   | Reached skill level 11 in Ice Magic
  5580 | Lair:2   | Received a gift from Sif Muna
  5587 | Lair:2   | Learned a level 4 spell: Iskenderun's Mystic Blast
  5594 | Lair:2   | Learned a level 6 spell: Poison Arrow
  5702 | Lair:3   | Found a staircase to the Snake Pit.
  5706 | Lair:3   | Reached skill level 1 in Fighting
  5976 | Lair:3   | Found an iron altar of Okawaru.
  5994 | Lair:3   | Noticed a five-headed hydra
  6001 | Lair:3   | Killed a five-headed hydra
  6156 | Lair:4   | Noticed a four-headed hydra
  6180 | Lair:4   | Killed a four-headed hydra
  6238 | Lair:4   | Reached XP level 12. HP: 49/72 MP: 17/33
  6313 | Lair:4   | Found a labyrinth entrance.
  6321 | Lab      | Entered a labyrinth
  8515 | Lab      | Noticed a minotaur
  8525 | Lab      | Killed a minotaur
  8525 | Lab      | Reached skill level 5 in Dodging
  8569 | Lab      | Learned a level 6 spell: Ozocubu's Refrigeration
  8578 | Lab      | Learned a level 6 spell: Bolt of Cold
  8598 | Lab      | Got a steaming lajatang
  8599 | Lab      | Identified the cursed -1 lajatang of Vanity {slice, Str+5} (You found it in a labyrinth)
  8602 | Lab      | Identified a +4 rod of destruction (10/10) (You found it in a labyrinth)
  8873 | Lair:5   | Found a staircase to the Shoals.
  8905 | Lair:5   | Reached skill level 1 in Shields
  9320 | Lair:8   | Entered Level 8 of the Lair of Beasts
  9399 | Lair:8   | Found a runed door.
  9432 | Lair:8   | Noticed a fire dragon
  9435 | Lair:8   | Killed a fire dragon
  9435 | Lair:8   | Reached skill level 5 in Shields
  9534 | Lair:8   | Reached skill level 12 in Ice Magic
  9652 | Lair:8   | Reached skill level 5 in Fighting
  9896 | Lair:8   | Received a gift from Sif Muna
  9901 | Lair:8   | Identified Sif Muna's Guide on Confrontation (Sif Muna gifted it to you on level 8 of the Lair of Beasts)
 10168 | Lair:8   | Reached XP level 13. HP: 58/82 MP: 0/34
 10469 | Lair:8   | Got a slimy bone amulet
 10471 | Lair:8   | Identified the amulet of Enusk {Clar +Inv rPois+ MR+ MP-9} (You found it on level 8 of the Lair of Beasts)
 10510 | Lair:8   | Reached skill level 5 in Invocations
 10883 | Lair:8   | Found a viscous altar of Jiyva.
 10883 | Lair:8   | Found a staircase to the Slime Pits.
 11071 | Snake:1  | Entered Level 1 of the Snake Pit
 11073 | Snake:1  | Reached skill level 1 in Poison Magic
 11457 | Snake:2  | Reached skill level 13 in Conjurations
 11926 | Snake:3  | Received a gift from Sif Muna
 11948 | Snake:3  | Identified Sif Muna's Handbook of Floating Attacks (Sif Muna gifted it to you on level 3 of the Snake Pit)
 12039 | Snake:5  | Entered Level 5 of the Snake Pit
 12062 | Snake:4  | Learned a level 2 spell: Repel Missiles
 12121 | Snake:4  | Shot with a bolt by a naga sharpshooter

Action                   |  1- 3 |  4- 6 |  7- 9 | 10-12 | 13-15 || total
-------------------------+-------+-------+-------+-------+-------++-------
Melee: Unarmed           |     1 |       |       |       |       ||     1
       Dagger            |     8 |    66 |    70 |       |       ||   144
       Staff             |       |       |     3 |     4 |       ||     7
 Fire: Blowgun           |       |       |    13 |     1 |       ||    14
 Cast: Freeze            |    53 |   101 |   142 |   107 |    27 ||   430
       Throw Icicle      |       |     8 |    47 |    99 |     6 ||   160
       Throw Frost       |       |     1 |     2 |     1 |       ||     4
       Summon Ice Beast  |       |       |    21 |    26 |       ||    47
       Freezing Cloud    |       |       |       |    31 |     7 ||    38
       Iskenderun's Myst |       |       |       |     8 |       ||     8
       Bolt of Cold      |       |       |       |    46 |    64 ||   110
       Ozocubu's Refrige |       |       |       |    15 |    17 ||    32
       Repel Missiles    |       |       |       |       |     1 ||     1
Invok: Channel Energy    |       |    10 |    86 |   284 |   159 ||   539
       Forget Spell      |       |       |       |     2 |       ||     2
Evoke: Wand              |     1 |       |     2 |       |       ||     3
  Use: Scroll            |     4 |     4 |    12 |     9 |     3 ||    32
       Potion            |       |     4 |     3 |     3 |     1 ||    11
 Stab: Sleeping          |     2 |     3 |       |       |       ||     5
       Paralysed         |       |       |     5 |       |       ||     5
  Eat: Chunk             |     1 |     7 |    12 |    39 |    25 ||    84
       Beef jerky        |       |       |     2 |     1 |     1 ||     4
       Bread ration      |       |       |     1 |     4 |       ||     5
       Meat ration       |       |       |     1 |       |       ||     1
       Pizza             |       |       |     1 |       |       ||     1
       Royal jelly       |       |       |       |       |     2 ||     2
